Map: Goldenaura LE

Players

llllllllllll

  • Race: Terran Terran
  • League: Grandmaster
  • Spawn Location: 12:00

A.I. 1 (Very Easy) - Winner!

  • Race: Zerg Zerg
  • Spawn Location: 5:00

VOD

Have the link to the VOD?

Description

Time

  • Played on: June 8, 2024, 2:15 p.m.
  • Length: 6:06
Show
View Real Time Build Order
Export as new Build Order

llllllllllll Terran 

Build Orders:  

Get SALT Encoding   

  12  0:00  SCV  
  13  0:12  SCV  
  14  0:20  Supply Depot  
  14  0:25  SCV  
  15  0:41  SCV  
  16  0:43  Barracks  
  16  0:47  Refinery  
  16  0:53  SCV  
  17  1:05  SCV  
  17  1:06  Barracks  
  18  1:18  SCV  
  19  1:30  Orbital Command  
  19  1:31  Reaper  
  20  1:53  Reaper  
  21  1:56  SCV  
  22  2:08  Reaper  
  23  2:09  Command Center  
  23  2:16  Supply Depot  
  23  2:28  Barracks Tech Lab  
  23  2:37  SCV  
  23  2:39  Barracks  
  23  2:40  Barracks  
  23  2:44  Barracks Reactor  
  24  2:49  SCV  
  25  3:00  Marine  
  25  3:02  SCV  
  27  3:14  Stimpack, SCV  
  27  3:18  Marine  
  29  3:21  Orbital Command  
  29  3:24  Marine x2  
  31  3:28  Marine  
  31  3:29  Marine  
  31  3:33  SCV  
  34  3:35  Marine  
  35  3:42  Marine x2  
  35  3:45  SCV  
  35  3:46  Marine  
  35  3:47  Marine  
  40  3:49  SCV  
  40  3:53  Marine  
  42  3:55  Supply Depot  
  42  3:57  SCV  
  42  4:01  SCV  
  42  4:02  Marine x2  
  44  4:08  Supply Depot  
  46  4:17  SCV x2, Marine x3  
  46  4:21  Supply Depot  
  51  4:29  SCV, Marine x2  
  51  4:30  SCV, Factory  
  54  4:35  Refinery, Marine x3  
  55  4:45  SCV x2  
  57  4:46  Marine  
  57  4:47  Marine  
  59  4:53  Supply Depot  
  59  4:57  SCV x2  
  62  5:02  Marine  
  62  5:03  Barracks Reactor  
  62  5:04  Barracks Reactor  
  62  5:09  SCV x2  
  62  5:12  Refinery  
  62  5:13  Marine x2  
  66  5:19  Marine  
  67  5:21  SCV x2  
  67  5:22  Engineering Bay  
  67  5:25  Engineering Bay  
  67  5:27  Starport  
  69  5:30  Factory Reactor  
  69  5:31  Marine x2  
  69  5:33  SCV  
  69  5:34  SCV  
  73  5:37  Marine  
  73  5:42  Command Center  
  74  5:46  SCV x2  
Show
View Real Time Build Order
Export as new Build Order

A.I. 1 (Very Easy) Zerg - Winner!

Build Orders: Hatch First 

Get SALT Encoding   

  12  0:01  Drone  
  13  0:12  Overlord  
  13  0:17  Drone  
  14  0:42  Hatchery  
  13  0:45  Drone  
  14  1:04  Spawning Pool  
  13  1:05  Extractor  
  13  1:07  Drone  
  13  1:14  Drone  
  14  1:20  Overlord  
  14  1:51  Zergling x2, Queen  
  14  1:53  Zergling x2  
  18  1:58  Roach Warren  
  17  2:05  Drone  
  17  2:07  Extractor  
  17  2:13  Drone  
  18  2:17  Zergling x2  
  20  2:22  Drone  
  20  2:30  Drone  
  21  2:37  Drone  
  21  2:42  Zergling x2  
  22  2:44  Drone  
  22  2:45  Zergling x2  
  22  2:50  Zergling x2  
  23  2:54  Drone  
  24  3:02  Drone  
  24  3:09  Drone  
  25  3:16  Drone  
  26  3:23  Drone  
  27  3:29  Lair, Zergling x2  
  28  3:38  Overlord  
  28  3:42  Drone  
  29  3:49  Drone  
  30  3:56  Drone  
  31  4:04  Drone  
  32  4:11  Drone  
  33  4:21  Drone  
  34  4:26  Overlord  
  34  4:28  Overseer  
  34  4:29  Drone, Overseer  
  35  4:31  Spire  
  35  4:36  Drone  
  35  4:38  Queen  
  33  4:43  Drone  
  36  4:50  Drone  
  37  4:57  Drone  
  38  5:05  Drone  
  39  5:09  Extractor  
  39  5:12  Drone, Extractor  
  38  5:16  Overlord, Zergling x2  
  38  5:19  Drone  
  29  5:26  Drone  
  29  5:27  Queen  
  29  5:34  Drone  
  27  5:41  Drone  
  27  5:45  Roach  
  27  5:48  Drone  
Tags
 
Matchup
TvZ
Spawn Locations
Cross Positions
Add a new tag
Caveats
  • Supply blocks, unpowered buildings, or Contaminate may cause inaccurate times.
  • Supply counts are checked every 10 seconds.